 Dungeon Crawl Stone Soup version 0.26-b1-32-g5d43845318 (webtiles) character file.

Game seed: 5243847913947857206

69 Borgoz the Cudgeller (level 4, 0/27 HPs)
             Began as a Gargoyle Gladiator on Jan 10, 2021.
             Killed by divine providence
             ... invoked by an orc priest
              (12 damage)
             ... on level 2 of the Dungeon.
             The game lasted 00:01:34 (1110 turns).

Borgoz the Cudgeller (Gargoyle Gladiator)           Turns: 1110, Time: 00:01:35

Health: 0/27       AC: 11    Str: 18    XL:     4   Next: 20%
Magic:  4/4        EV: 12    Int:  8    God:
Gold:   109        SH:  0    Dex: 12    Spells: 3/3 levels left

rFire    . . .     SeeInvis .   a - +0 flail
rCold    . . .     Faith    .   (no shield)
rNeg     + . .     Spirit   .   b - +0 leather armour
rPois    ∞         Reflect  .   c - +0 helmet
rElec    +         Harm     .   f - scarf {+Inv}
rCorr    .         Rampage  .   e - +1 pair of gloves {archery}
Will     .....                  m - +1 pair of boots
Stlth    ..........             (no amulet)
HPRegen  0.09/turn              h - ring of attention (curse)
MPRegen  0.09/turn              (no ring)

@: no status effects
A: negative energy resistance 1, electricity resistance, unbreathing,
petrification resistance, miasma immunity, AC +3
a: Evoke Invisibility


You were on level 2 of the Dungeon.
You visited 1 branch of the dungeon, and saw 2 of its levels.

You collected 109 gold pieces.

Inventory:

Hand Weapons
 a - a +0 flail (weapon)
Missiles
 d - 3 throwing nets (quivered)
Armour
 b - a +0 leather armour (worn)
 c - a +0 helmet (worn)
 e - a +1 pair of gloves of archery (worn)
 f - a scarf of invisibility (worn)
 m - a +1 pair of boots (worn)
Jewellery
 h - a cursed ring of attention (left hand)
Scrolls
 g - 2 scrolls of remove curse {unknown}
 i - a scroll of identify {unknown}
 j - a scroll of amnesia {unknown}
 k - 3 scrolls of teleportation {unknown}
Potions
 l - a potion of curing {unknown}
 n - a potion of lignification {unknown}
 o - a potion of flight {unknown}


   Skills:
 + Level 2.8 Fighting
 * Level 3.7 Maces & Flails
 - Level 1.7 Throwing
 + Level 1.3 Armour
 + Level 2.8 Dodging
 + Level 0.9 Evocations


You had 3 spell levels left.
You didn't know any spells.
Your spell library was empty.

Dungeon Overview and Level Annotations

Branches:
Dungeon (2/15)

Altars:


Innate Abilities, Weirdness & Mutations

You are resistant to torment.
Your stone body is resilient. (AC +3)
You are immune to poison.
You resist negative energy. (rN+)
You are resistant to electric shocks. (rElec)
You can survive without breathing.
You are immune to petrification.
You are immune to miasma.


Message History

Things that are here:
a +0 flail; a +0 ring mail; an orc corpse An orc comes into view.
It is wielding a +0 mace.
An orc priest comes into view. It is wielding a +0 club.
There are monsters nearby!
The orc priest shouts!
The orc hits you but does no damage.
You hit the orc.
The orc is severely wounded.
The orc hits you but does no damage. The goblin barely misses you.
You closely miss the orc.
The orc is severely wounded.
The orc priest calls down the wrath of Beogh upon you.
Beogh smites you! The orc hits you with a +0 mace.
The goblin hits you but does no damage.
A kobold comes into view.
The kobold shouts!
The orc priest invokes the aid of Beogh against you.
Beogh smites you!
You die...

....... ..#
.......## ..#
........#...#
........#...#
........#...#
K...........#.#
.......go......
#+#o# #.#@# #.#)#
# #.#.#
#.##.##.#.###.>.
#.....>..........
#....##.#.###.###
#.#.# #.#.#
#.#.#.# #.#.#
#.#.#.# #.#.#


You could see an orc priest, an orc and a goblin.

Vanquished Creatures
  An adder (D:2)
  7 dart slugs (D:1)
  A leopard gecko (D:2)
  An orc (D:2)
  3 bats (D:1)
  4 giant cockroaches (D:1)
  7 goblins
  4 hobgoblins (D:1)
  5 jackals (D:1)
  4 kobolds
  3 frilled lizards
  2 rats (D:1)
42 creatures vanquished.

Notes
Turn   | Place    | Note
-------+----------+-------------------------------------------
     0 | D:1      | Borgoz the Gargoyle Gladiator began the quest for the Orb.
     0 | D:1      | Reached XP level 1. HP: 12/12 MP: 1/1
   200 | D:1      | Reached XP level 2. HP: 18/18 MP: 2/2
   448 | D:1      | Reached XP level 3. HP: 19/22 MP: 3/3
   562 | D:1      | Reached skill level 1 in Armour
   918 | D:2      | Reached XP level 4. HP: 24/27 MP: 4/4
  1110 | D:2      | Killed from afar by an orc priest

Illustrated notes

Levels and vault maps discovered:
D:1:      wander_arrival_chamber, layout_rooms, chequers_serial_rivers_micro_c,
          grunt_decor_junction, minmay_misc_feat_diagonals,
          minmay_split_cup_large
D:2:      layout_basic, uniq_terence

Skill      XL: |  1  2  3 |
---------------+----------+-----
Armour         | 1 |  1.3
Fighting       | |  2.8
Maces & Flails | |  3.7
Throwing       | |  1.7
Dodging        | |  2.8
Evocations     | |  0.9

Action                   |  1- 3 |  4- 6 || total
-------------------------+-------+-------++-------
Melee: Flail             |   114 |    12 ||   126
Armor: Leather armour    |    65 |     5 ||    70
Dodge: Dodged            |    98 |     6 ||   104
